 Dungeon Crawl Stone Soup version 0.21-a0-265-gb353147 (webtiles) character file.

46 tof the Caller (level 3, -3/26 HPs)
             Began as a Merfolk Summoner on Sept 12, 2017.
             Was an Initiate of Dithmenos.
             Slain by a gnoll
             ... wielding a +0 spear
              (6 damage)
             ... on level 2 of the Dungeon.
             The game lasted 00:05:24 (2147 turns).

tof the Caller (Merfolk Summoner)                   Turns: 2147, Time: 00:05:25

Health: -3/26      AC:  2    Str:  8    XL:     3   Next: 68%
Magic:  1/6        EV: 13    Int: 15    God:    Dithmenos [......]
Gold:   36         SH:  0    Dex: 14    Spells: 3/6 levels left

rFire    . . .     SeeInvis .   m - +0 dagger
rCold    . . .     Gourm    .   (no shield)
rNeg     . . .     Faith    .   a - +0 robe
rPois    .         Spirit   .   (no helmet)
rElec    .         Reflect  .   (no cloak)
rCorr    .         Harm     .   (no gloves)
MR       .....                  (no boots)
Stlth    +++.......             (no amulet)
HPRegen  0.08/turn              e - +1 ring of slaying
MPRegen  0.10/turn              o - ring of stealth

@: no status effects
A: change form in water, swift swim, stealthy swim
a: Renounce Religion


You were on level 2 of the Dungeon.
You worshipped Dithmenos.
Dithmenos was noncommittal.
You were hungry.

You visited 1 branch of the dungeon, and saw 2 of its levels.

You collected 36 gold pieces.

Inventory:

Hand Weapons
 m - a +0 dagger (weapon)
Missiles
 k - 7 javelins (quivered)
 l - 15 poisoned needles
Armour
 a - a +0 robe (worn)
Jewellery
 e - a +1 ring of slaying (left hand)
 o - a ring of stealth (right hand)
Scrolls
 g - a scroll of recharging
 h - a scroll of blinking
 p - a scroll of remove curse
 r - a scroll of fog {unknown}
 s - a scroll of fear {unknown}
Potions
 d - a potion of degeneration {unknown}
 i - a potion of might {unknown}
 j - 3 potions of curing {unknown}
 q - a potion of haste {unknown}
Books
 b - a book of Callings

   Spells                             Type                      Level
   a - Summon Small Mammal            Summoning                    1
   b - Call Imp                       Summoning                    2
   c - Call Canine Familiar           Summoning                    3
   d - Summon Guardian Golem          Hexes/Summoning              3
   e - Summon Lightning Spire         Summoning/Air                4
   f - Summon Ice Beast               Ice/Summoning                4
Comestibles
 c - 2 bread rations
 f - a meat ration
 n - 3 chunks of flesh


   Skills:
 + Level 1.2 Fighting
 + Level 3.3 Dodging
 + Level 2.6 Stealth
 + Level 2.3 Spellcasting
 * Level 4.4 Summonings


You had 3 spell levels left.
You knew the following spells:

 Your Spells              Type           Power        Failure   Level  Hunger
a - Summon Small Mammal   Summ           ##..         3%          1    #......
b - Call Imp              Summ           ##......     5%          2    ###....


Dungeon Overview and Level Annotations

Branches:
Dungeon (2/15)

Altars:
Dithmenos


Message History

The gnoll closely misses you.
Casting: Call Imp
Confirm with . or Enter, or press ? or * to list all spells.
Your crimson imp disappears in a puff of smoke!
The gnoll hits you from afar with a spear!
You swap places.
Your bat barely misses the gnoll.
Your white imp hits the gnoll.
Your white imp freezes the gnoll.
Your bat closely misses the gnoll.
Your crimson imp closely misses the gnoll.
Your bat hits the gnoll but does no damage.
The gnoll hits you from afar with a spear.
Your white imp hits the gnoll.
Your white imp freezes the gnoll.
Your bat misses the gnoll.
The gnoll hits you from afar with a spear!
* * * LOW HITPOINT WARNING * * *
Your white imp closely misses the gnoll.
Your crimson imp barely misses the gnoll.
Your shadow imp misses the gnoll.
The gnoll hits you with a spear.
You die...

#.# ####....# #...# #.#
#....######### #....
#.# #............#
#.... #.#
####............# #....
#.# #...............#
#.# #...............#
#.# #(....##........###
#.# #.....##...55b.....
#.###.....##...@g......
#..............5.......
##################g....
..... .... ... ###


You could see 2 gnolls, a friendly crimson imp, a friendly white imp, a friendly
shadow imp and a friendly bat.

Vanquished Creatures
  A worm (D:2)
  A dart slug (D:1)
  2 leopard geckos
  3 bats
  A giant cockroach (D:1)
  2 goblins
  3 hobgoblins (D:1)
  A kobold (D:1)
  A ball python (D:1)
  A frilled lizard (D:2)
  2 rats (D:1)
18 creatures vanquished.

Vanquished Creatures (collateral kills)
  2 oozes
  A ball python (D:2)
  3 goblins (D:1)
  6 hobgoblins
  2 bats
  A frilled lizard (D:1)
  6 kobolds
  2 rats
23 creatures vanquished.

Vanquished Creatures (others)
  5 toadstools (D:1)
5 creatures vanquished.

Grand Total: 46 creatures vanquished

Notes
Turn   | Place    | Note
-------+----------+-------------------------------------------
     0 | D:1      | tof the Merfolk Summoner began the quest for the Orb.
     0 | D:1      | Reached XP level 1. HP: 13/13 MP: 3/3
   341 | D:1      | Reached XP level 2. HP: 9/19 MP: 1/5
   754 | D:1      | Learned a level 2 spell: Call Imp
  1196 | D:1      | Reached XP level 3. HP: 20/25 MP: 2/6
  1303 | D:1      | Reached skill level 1 in Fighting
  1761 | D:2      | Found a shadowy altar of Dithmenos.
  1799 | D:2      | Became a worshipper of Dithmenos the Shadowed
  2147 | D:2      | Slain by a gnoll

Vault maps used:
D:1:      ldierk_walled_garden
D:2:      grunt_dithmenos_smoke_and_mirrors

Skill      XL: |  1  2  3 |
---------------+----------+-----
Dodging        | 3 |  3.3
Fighting       | 1 |  1.2
Stealth        | |  2.6
Spellcasting   | |  2.3
Summonings     | |  4.4

Action                   || total
-------------------------++-------
Melee: Unarmed           ||    39
       Short sword       ||    11
       Dagger            ||    44
 Cast: Summon Small Mamm ||    23
       Call Imp          ||    19
  Use: Scroll            ||     5
 Stab: Distracted        ||     1
       Sleeping          ||     3
  Eat: Chunk             ||     5
Armor: Robe              ||    22
Dodge: Dodged            ||    88

Table legend:
 A = Spawn XP
 B = Non-spawn XP
 C = Spawn XP percentage of total XP
 D = Spawn monster count
 E = Non-spawn monster count
 F = Spawn count percentage of total count
 G = Total turns spent on level
                    A         B        C        D         E        F      G
               +---------+---------+-------+---------+---------+-------+---------
         Total |       0 |      67 |   0.0 |       0 |      41 |   0.0 |  2147
               +---------+---------+-------+---------+---------+-------+---------
           D:1 |       0 |      46 |   0.0 |       0 |      29 |   0.0 |  1661
           D:2 |       0 |      21 |   0.0 |       0 |      12 |   0.0 |   486
               +---------+---------+-------+---------+---------+-------+---------
